 Dungeon Crawl Stone Soup version 0.24-a0-244-ga6a6ab7d13 (webtiles) character file.

Game seed: 9440191050742024380

2152 Hercules1031 the Fighter (level 9, -1/98 HPs)
             Began as an Ogre Fighter on Apr 11, 2019.
             Slain by an orc warrior
             ... wielding a +0 halberd
              (13 damage)
             ... on level 6 of the Dungeon.
             The game lasted 00:14:56 (6394 turns).

Hercules1031 the Fighter (Ogre Fighter)             Turns: 6394, Time: 00:14:56

Health: -1/98      AC:  6    Str: 25    XL:     9   Next: 31%
Magic:  9/9        EV: 12    Int:  9    God:
Gold:   329        SH:  0    Dex:  8    Spells: 8/8 levels left

rFire    . . .     SeeInvis .   r - +2 giant club
rCold    . . .     Gourm    .   (shield currently unavailable)
rNeg     . . .     Faith    .   b - +0 robe
rPois    .         Spirit   .   (helmet restricted)
rElec    .         Reflect  .   p - +2 cloak
rCorr    .         Harm     .   (gloves unavailable)
MR       .....                  (boots unavailable)
Stlth    +.........             (no amulet)
HPRegen  0.26/turn              (no ring)
MPRegen  0.11/turn              (no ring)

@: no status effects
A: large, unfitting armour, tough skin 1
a: no special abilities


You were on level 6 of the Dungeon.
You were not hungry.

You visited 1 branch of the dungeon, and saw 6 of its levels.
You also visited: Sewer.

You collected 329 gold pieces.

Inventory:

Hand Weapons
 a - a +1 flail
 r - a +2 giant club (weapon)
Armour
 b - a +0 robe (worn)
 c - a +0 shield
 p - a +2 cloak (worn)
Wands
 u - a wand of disintegration (20)
 x - a wand of random effects (30)
Scrolls
 i - 9 scrolls of identify
 l - 5 scrolls of remove curse
 q - 2 scrolls of magic mapping
 t - 2 scrolls of teleportation
 v - a scroll of blinking
 w - a scroll of fog
Potions
 d - 3 potions of might
 e - 3 potions of lignification
 g - 2 potions of flight {unknown}
 h - 2 potions of degeneration {unknown}
 j - a potion of ambrosia {unknown}
 k - 2 potions of curing
 m - a potion of heal wounds {unknown}
 n - a potion of resistance {unknown}
 o - a potion of invisibility {unknown}
 s - a potion of magic {unknown}
Comestibles
 f - 8 rations


   Skills:
 + Level 9.3 Fighting
 * Level 7.4 Maces & Flails
 + Level 6.4 Dodging
 - Level 2.7 Shields


You had 8 spell levels left.
You didn't know any spells.
Your spell library was empty.

Dungeon Overview and Level Annotations

Branches:
Dungeon (6/15)
 Temple: D:4-7

Altars:
Cheibriados
Trog
Vehumet
Wu Jian
The Shining One


Innate Abilities, Weirdness & Mutations

You are too large for most types of armour.
You have tough skin. (AC +1)


Message History

Found a large coral ring.
Things that are here:
a +0 flail; an adder corpse You bludgeon the orc!!
You kill the orc!
Things that are here:
a +0 dagger; a +0 flail; an adder corpse The orc warrior hits you from afar with a +0 halberd!!
The orc warrior hits you with a +0 halberd!
Found 29 bolts.
You barely miss the orc warrior.
The orc warrior hits you with a +0 halberd!!
You hit the orc warrior but do no damage.
The orc warrior hits you but does no damage.
You hit the orc warrior but do no damage.
The orc warrior hits you with a +0 halberd!!
* * * LOW HITPOINT WARNING * * *
You closely miss the orc warrior.
The orc warrior hits you with a +0 halberd!
You die...

#.# #...#..#
#.# #.##.#.#
#.# #....#.#
#.#
#######.#
... ####.
#.# .....##
#.# #.=....
#.#
#......###.#
(.....o@.).#
#......#####
#......
.....##
####. #


You could see an orc warrior.

Vanquished Creatures
  Sigmund (D:3)
  A water moccasin (D:6)
  An ice beast (D:6)
  A sky beast (D:6)
  An ogre (D:4)
  A necrophage (D:3)
  2 centaurs
  Blork the orc (D:4)
  A big kobold (Sewer)
  2 bullfrogs (D:6)
  A scorpion (D:6)
  A howler monkey (D:4)
  4 crimson imps (D:5)
  5 hounds
  2 bullfrog skeletons
  Crazy Yiuf (D:2)
  2 centaur skeletons (D:2)
  3 orc wizards
  2 iguanas (D:4)
  Natasha (thrice) (D:3)
  6 worker ants
  A hound skeleton (D:5)
  5 gnolls
  A howler monkey skeleton (D:4)
  7 adders
  A river rat (Sewer)
  An ooze (D:6)
  4 worms
  4 dart slugs
  4 leopard geckos
  14 orcs
  2 ball pythons
  5 giant cockroaches
  4 goblins
  7 hobgoblins
  9 jackals
  8 kobolds
  2 quokkas (D:4)
  A ball python skeleton (D:5)
  4 bats
  3 frilled lizards
  A jackal skeleton (D:4)
  9 rats
139 creatures vanquished.

Notes
Turn   | Place    | Note
-------+----------+-------------------------------------------
     0 | D:1      | Hercules1031 the Ogre Fighter began the quest for the Orb.
     0 | D:1      | Reached XP level 1. HP: 24/24 MP: 1/1
   546 | D:1      | Reached XP level 2. HP: 10/32 MP: 2/2
  1171 | D:2      | Reached XP level 3. HP: 24/40 MP: 3/3
  1360 | D:2      | Found a bloodstained altar of Trog.
  1398 | D:2      | Reached XP level 4. HP: 27/49 MP: 4/4
  1712 | D:2      | Found a runed translucent door.
  1813 | D:2      | Noticed Crazy Yiuf
  1819 | D:2      | Killed Crazy Yiuf
  1895 | D:2      | Reached skill level 5 in Fighting
  1895 | D:2      | Reached XP level 5. HP: 43/57 MP: 5/5
  2041 | D:3      | Noticed a necrophage
  2050 | D:3      | Killed a necrophage
  2051 | D:3      | Noticed Sigmund
  2074 | D:3      | Killed Sigmund
  2074 | D:3      | Reached XP level 6. HP: 47/67 MP: 0/6
  2202 | D:3      | Found a glowing drain.
  2214 | Sewer    | Entered a sewer
  2218 | Sewer    | Reached skill level 6 in Fighting
  2297 | Sewer    | Reached XP level 7. HP: 40/75 MP: 7/7
  2340 | Sewer    | Found a white marble altar of Elyvilon.
  2418 | D:3      | Noticed Natasha
  2426 | D:3      | Killed Natasha
  2426 | D:3      | Reached skill level 5 in Maces & Flails
  2522 | D:3      | Noticed Natasha
  2532 | D:3      | Killed Natasha
  2539 | D:3      | Noticed Natasha
  2553 | D:3      | Killed Natasha
  2775 | D:3      | Found a snail-covered altar of Cheibriados.
  2867 | D:3      | Found a snail-covered altar of Cheibriados.
  3168 | D:4      | Found a radiant altar of Vehumet.
  3225 | D:4      | Found an ornate altar of the Wu Jian Council.
  3517 | D:4      | Found a glowing golden altar of the Shining One.
  3561 | D:4      | Reached skill level 7 in Fighting
  3726 | D:4      | Reached XP level 8. HP: 42/87 MP: 8/8
  4085 | D:4      | Reached skill level 5 in Dodging
  4287 | D:4      | Noticed Blork the orc
  4292 | D:4      | Killed Blork the orc
  4617 | D:5      | Entered Level 5 of the Dungeon
  5101 | D:5      | Reached skill level 8 in Fighting
  6004 | D:6      | Reached XP level 9. HP: 55/97 MP: 9/9
  6016 | D:6      | Reached skill level 9 in Fighting
  6394 | D:6      | Slain by an orc warrior

Levels and vault maps discovered:
D:1:      dpeg_arrival_radiant, layout_basic, chequers_serial_rivers_small_3
D:2:      kennysheep_big_flooded_room, layout_basic, bloody_trog, first_ration,
          solitary_fountain, uniq_crazy_yiuf_cottage
D:3:      layout_basic, old_standard_altar, gup_sewer_entry_bubbles,
          kennysheep_slug_shrine, uniq_natasha, uniq_sigmund
D:4:      layout_loops_ring, lemuel_round_altar, nicolae_overflow_crystal_walls,
          tso_metal_star, uniq_blork_the_orc
D:5:      layout_layer_cave, chequers_jeans
D:6:      layout_loops_ring, grunt_temple_overflow_cloverleaf,
          minmay_temple_entry_glass, basic_altar, serial_shops,
          nicolae_shop_stone
Sewer:    sewer_kobolds

Skill      XL: |  1  2  3  4  5  6  7  8  9 |
---------------+----------------------------+-----
Maces & Flails | 2 3 4 5 6 7 |  7.4
Dodging        | 3 4 6 |  6.4
Fighting       | 5 6 7 8 9 |  9.3
Shields        | |  2.7

Action                   |  1- 3 |  4- 6 |  7- 9 || total
-------------------------+-------+-------+-------++-------
Melee: Flail             |    92 |   102 |   100 ||   294
       Giant club        |       |       |   254 ||   254
  Use: Scroll            |       |     5 |     8 ||    13
       Potion            |       |     4 |     5 ||     9
  Eat: Ration            |     1 |     1 |     4 ||     6
Armor: Robe              |    26 |    23 |   114 ||   163
       Skin              |       |     6 |       ||     6
Dodge: Dodged            |    41 |    45 |   260 ||   346
Block: Shield            |    42 |    40 |    45 ||   127

Table legend:
 A = Non-vault XP
 B = Vault XP
 C = Vault XP percentage of total XP
 D = Non-vault monster count
 E = Vault monster count
 F = Vault count percentage of total count
                 A         B        C        D         E       F
            +---------+---------+-------+---------+---------+-------
      Total |    2525 |     550 |  17.9 |     115 |      24 |  17.3
            +---------+---------+-------+---------+---------+-------
        D:1 |      30 |       0 |   0.0 |      11 |       0 |   0.0
        D:2 |     114 |      45 |  28.3 |      16 |       3 |  15.8
        D:3 |     236 |     276 |  53.9 |      20 |       9 |  31.0
        D:4 |     650 |     102 |  13.6 |      30 |       1 |   3.2
        D:5 |     583 |       0 |   0.0 |      19 |       0 |   0.0
        D:6 |     912 |       0 |   0.0 |      19 |       0 |   0.0
      Sewer |       0 |     127 | 100.0 |       0 |      11 | 100.0
            +---------+---------+-------+---------+---------+-------
